 Dungeon Crawl Stone Soup version 0.28-a0-843-gb979743d38 (webtiles) character file.

Game seed: 6373523251146246228

98 Nixze the Gusty (level 4, -4/24 HPs)
             Began as a Tengu Air Elementalist on Nov 12, 2021.
             Killed by nerve-wracking pain
             ... invoked by an orc priest
              (12 damage)
             ... on level 3 of the Dungeon.
             The game lasted 00:05:51 (3280 turns).

Nixze the Gusty (Tengu Air Elementalist)            Turns: 3280, Time: 00:05:52

Health: -4/24      AC:  4    Str:  8    XL:     4   Next: 71%
Magic:  4/9        EV: 11    Int: 16    God:
Gold:   104        SH:  0    Dex: 15    Spells: 3/9 levels left

rFire   . . .      SeeInvis .   k - +3 dagger
rCold   . . .      Faith    .   (no shield)
rNeg    . . .      Spirit   .   e - +0 leather armour
rPois   .          Reflect  .   (helmet restricted)
rElec   .          Harm     .   (no cloak)
rCorr   .          Rampage  .   j - +0 pair of gloves
Will    .....                   (boots unavailable)
Stlth   ++........              (no amulet)
HPRegen 0.08/turn               (no ring)
MPRegen 0.11/turn               (no ring)

@: no status effects
A: beak, talons 3
a: no special abilities


You were on level 3 of the Dungeon.
You visited 1 branch of the dungeon, and saw 3 of its levels.

You collected 104 gold pieces.

Inventory:

Hand Weapons
 k - a +3 dagger (weapon)
Missiles
 b - 79 stones
 d - 17 poisoned darts
Armour
 e - a +0 leather armour (worn)
 j - a +0 pair of gloves (worn)
Magical Staves
 f - a staff of poison
Scrolls
 c - a scroll of enchant armour {unknown}
 g - a scroll of identify {unknown}
 h - a scroll of summoning {unknown}
 l - a scroll of teleportation {unknown}
Potions
 i - a potion of attraction {unknown}


   Skills:
 - Level 2.1 Dodging
 - Level 2.0 Stealth
 + Level 3.2 Spellcasting
 - Level 1.3 Conjurations
 - Level 6.0 Air Magic


You had 3 spell levels left.
You knew the following spells:

 Your Spells              Type           Power      Damage    Failure   Level
a - Shock                 Conj/Air       56%        1d6       6%          1
b - Swiftness             Air            21%        N/A       7%          3
c - Static Discharge      Conj/Air       14%        N/A       9%          2

Your spell library contained the following spells:

 Spells                   Type           Power      Damage    Failure   Level
 Pain                     Necr           8%         1d4       26%         1
 Sandblast                Erth           4%         2d4       26%         1
 Passwall                 Tmut/Erth      1%         N/A       38%         2
 Stone Arrow              Conj/Erth      8%         3d7       52%         3
 Airstrike                Air            10%        N/A       22%         4
 Agony                    Necr           2%         N/A       100%        5
 Excruciating Wounds      Necr           1%         N/A       100%        5


Dungeon Overview and Level Annotations

Branches:
Dungeon (3/15)

Altars:
Hepliaklqana
Trog


Innate Abilities, Weirdness & Mutations

You have a beak for a mouth.
You have claws for feet.


Message History

An orc priest is nearby!
Casting: Shock (safe; 6% risk of failure)
Confirm with . or Enter, or press ? or * to list all spells.
Aiming: Shock (safe; 6% risk of failure)
Press: ? - help, Shift-Dir - straight line, f - orc priest
Aim: an orc priest, wielding a +0 flail (wandering, hasn't noticed you, 71% to hit)
The zap hits the orc priest.
The orc priest is moderately wounded.
The orc priest shouts!
Casting: Shock (safe; 6% risk of failure)
Confirm with . or Enter, or press ? or * to list all spells.
Aiming: Shock (safe; 6% risk of failure)
Press: ? - help, Shift-Dir - straight line, f/p - orc priest
Aim: an orc priest, wielding a +0 flail (moderately wounded, 71% to hit)
The zap hits the orc priest.
The orc priest is heavily wounded.
The orc priest invokes the aid of Beogh against you.
Beogh smites you!
The orc priest hits you with a +0 flail!
Unknown command.
Casting: Shock (safe; 6% risk of failure)
Confirm with . or Enter, or press ? or * to list all spells.
The orc priest is struck by an arc of lightning.
The orc priest is severely wounded.
The lightning grounds out.
The orc priest hits you with a +0 flail.
* * * LOW HITPOINT WARNING * * *
Casting: Static Discharge (safe; 9% risk of failure)
Confirm with . or Enter, or press ? or * to list all spells.
The orc priest is struck by an arc of lightning.
The orc priest is almost dead.
You are struck by an arc of lightning.
* * * LOW HITPOINT WARNING * * *
The lightning grounds out.
The orc priest hits you but does no damage.
You feel better.
The orc priest invokes the aid of Beogh against you.
Pain shoots through your body!
Ouch! That really hurt!
You die...

## #.#.# #.# #.#.#
#..###.#.# #........#
.#....†...#
#..........# #
#...o......#######.###
#....###o#.##........
.....###@#.##.####.####
.##.....>..............
.....####..........##.
.## #..##.#..########
#..##.#....).....
#..#.....#.######
...#..#..#.######
..................
.##..#..#†.#.....##


You could see an orc priest.

Vanquished Creatures
  Robin (D:1)
  2 adders
  A dart slug (D:2)
  3 orcs (D:3)
  4 ball pythons
  7 bats
  5 endoplasms (D:1)
  4 giant cockroaches
  11 goblins
  4 hobgoblins
  3 quokkas
  3 frilled lizards
  2 kobolds
  7 rats
57 creatures vanquished.

Vanquished Creatures (others)
  A plant (D:3)
1 creature vanquished.

Grand Total: 58 creatures vanquished

Notes
Turn   | Place    | Note
-------+----------+-------------------------------------------
     0 | D:1      | Nixze the Tengu Air Elementalist began the quest for the
                  | Orb.
     0 | D:1      | Reached XP level 1. HP: 10/10 MP: 4/4
   284 | D:1      | Reached XP level 2. HP: 11/15 MP: 1/6
   652 | D:1      | Reached skill level 5 in Air Magic
   966 | D:1      | Reached XP level 3. HP: 19/19 MP: 5/7
  1174 | D:2      | Noticed Robin
  1788 | D:1      | Killed Robin
  1789 | D:1      | Reached skill level 6 in Air Magic
  1891 | D:1      | Learned a level 3 spell: Swiftness
  1894 | D:1      | Learned a level 2 spell: Static Discharge
  2062 | D:2      | Found a faded altar of an unknown god.
  2141 | D:2      | Reached XP level 4. HP: 15/24 MP: 1/8
  2665 | D:2      | Found a bloodstained altar of Trog.
  3145 | D:3      | Found a hazy altar of Hepliaklqana.
  3279 | D:3      | HP: 1/24 [/static electricity (3)]
  3280 | D:3      | Killed from afar by an orc priest

Illustrated notes

Levels and vault maps discovered:
D:1:      matt_arrival_grand_opening, layout_basic
D:2:      layout_basic, basic_ecumenical_altar, basic_altar,
          nrook_mini_backslash, hangedman_decor_clover_reticule, st_stairs_4,
          minmay_fountain_box, uniq_robin
D:3:      layout_basic, kennysheep_orc_sif_temple,
          nicolae_hepliaklqana_hazy_memory, solitary_fountain,
          grunt_decor_fettered

Skill      XL: |  1  2  3  4 |
---------------+-------------+-----
Air Magic      | 5 6 |  6.0
Spellcasting   | 3 |  3.2
Dodging        | |  2.1
Stealth        | |  2.0
Conjurations   | |  1.3

Action                   |  1- 3 |  4- 6 || total
-------------------------+-------+-------++-------
Melee: Staff             |     2 |       ||     2
       Kick              |     1 |     2 ||     3
       Dagger            |       |     3 ||     3
 Cast: Shock             |    77 |    37 ||   114
       Static Discharge  |       |     2 ||     2
  Use: Potion            |     1 |     1 ||     2
Armor: Robe              |     6 |       ||     6
       Leather armour    |     2 |     2 ||     4
Dodge: Dodged            |    15 |     3 ||    18

Table legend: (Time is in decaauts)
 A = Elapsed time spent in this place.
 B = Non-inter-level travel time spent in this place.
 C = Inter-level travel time spent in this place.
 D = Time resting spent in this place.
 E = Time spent auto-exploring this place.
 F = Levels seen in this place.
 G = Mean time per level.
                   A        B        C        D        E       F      G
               +--------+--------+--------+--------+--------+-----+--------+
         Total |   3286 |   3173 |    113 |   1119 |   1701 |   3 | 1095.3 |
       Dungeon |   3286 |   3173 |    113 |   1119 |   1701 |   3 | 1095.3 |
               +--------+--------+--------+--------+--------+-----+--------+

Top non-repeatable levels by time:
     D:1: 1840 daAuts
     D:2: 1002 daAuts
     D:3: 442 daAuts
